Cogmind - Beta 17 @@@ ROGUE MODE // 2026.07.21 @ 04:23:06 Player: Smol John Result: Destroyed self with Grenade Launcher Performance ------------- Evolutions (0) 0 Regions Visited (4) 800 Robots Destroyed (15) 75 Value Destroyed (409) 409 Prototype IDs (23) 460 Alien Tech Used (0) 0 Bonus (300) 300 TOTAL SCORE: 2044 Bonus ------- Aligned with FarCom 300 Cogmind --------- Core Integrity 0/250 Matter 268/300 Energy 105/125 System Corruption 6% Temperature Cool (0) Movement Treading (160) Location -9/Mines Parts ------- > --- POWER (1) -------- Light Ion Engine > --- PROPULSION (2) --- Light Treads Light Treads > --- UTILITY (2) ------ Small Storage Unit Medium Storage Unit > --- WEAPON (2) ------- Latent Energy Streamer Grenade Launcher > --- INVENTORY (10) --- Light Ion Engine Aluminum Leg Aluminum Leg Aluminum Leg High-capacity Storage Unit EM Pulse Gun Assault Rifle Light Assault Rifle Peak State ------------ > --- POWER ------------ Light Ion Engine > --- PROPULSION ------- Light Treads Light Treads > --- UTILITY ---------- Small Storage Unit Medium Storage Unit > --- WEAPON ----------- Latent Energy Streamer Assault Rifle > --- INVENTORY -------- Aluminum Leg Aluminum Leg Aluminum Leg High-capacity Storage Unit EM Pulse Gun Light Assault Rifle Grenade Launcher [Rating: 16] Favorites ----------- Power Ion Engine Engine Ion Engine Propulsion Light Treads Treads Light Treads Leg Aluminum Leg Wheel Compact Wheel Utility Small Storage Unit Storage Small Storage Unit Protection Light Armor Plating Weapon EM Pulse Gun Energy Gun EM Pulse Gun Energy Cannon Latent Energy Streamer Ballistic Gun Assault Rifle Launcher Grenade Launcher Build | -11 -10 -10 -10 -9 ------- Run | Yrd Mat Min Exi Min Slots Evolved . | . . . . . Power . | . . . . . Propulsion . | . . . . . Utility . | . . . . . Weapon . | . . . . . Parts Attached 17 | 6 . 5 4 2 Power 2 | 1 . . . 1 Engine 2 | 1 . . . 1 Core . | . . . . . Reactor . | . . . . . Propulsion 6 | 2 . 2 2 . Treads 2 | . . . 2 . Leg 2 | . . 2 . . Wheel 2 | 2 . . . . Hover . | . . . . . Flight . | . . . . . Utility 3 | 1 . 1 1 . Device . | . . . . . Storage 2 | 1 . . 1 . Processor . | . . . . . Hackware . | . . . . . Protection 1 | . . 1 . . Artifact . | . . . . . Weapon 6 | 2 . 2 1 1 Energy Gun 2 | 2 . . . . Energy Cannon 1 | . . . 1 . Ballistic Gun 2 | . . 1 . 1 Ballistic Cannon . | . . . . . Launcher 1 | . . 1 . . Special Weapon . | . . . . . Impact Weapon . | . . . . . Slashing Weapon . | . . . . . Piercing Weapon . | . . . . . Special Melee Weapon . | . . . . . Unidentified Prototypes . | . . . . . Parts Lost 5 | . . 4 . 1 Power 1 | . . . . 1 Propulsion 2 | . . 2 . . Utility 1 | . . 1 . . Weapon 1 | . . 1 . . Highest Loss Streak 2 | . . 2 . 1 To Critical Strikes . | . . . . . Average Backups 7 | 3 6 6 7 8 Power . | . 1 1 1 . Propulsion 3 | 3 4 3 3 3 Utility . | . . . . 1 Weapon 2 | . 1 2 2 3 Tool/Special . | . . . . . Unused Backups 3 | . . . . 3 Power 1 | . . . . 1 Propulsion 1 | . . . . 1 Utility 1 | . . . . 1 Weapon . | . . . . . Tool/Special . | . . . . . Average Slot Usage (%) 87 | . 85 84 85 95 Engine 14 | . 14 14 14 14 Treads 9 | . . . 5 28 Leg 8 | . . 8 22 . Wheel 8 | . 28 16 . . Storage 16 | . 14 14 14 23 Protection 1 | . . 2 . . Energy Gun 12 | . 28 23 5 . Energy Cannon 6 | . . . 8 14 Ballistic Gun 3 | . . . . 10 Launcher 5 | . . 3 14 3 Peak Build Rating 16 | 6 6 7 15 16 Average Rating 9 | 3 6 5 11 15 On Entrance 6 | . 6 6 6 15 Avg Prop Armor Cover (%) 7 | . . 7 . . Naked Turns . | . . . . . Heaviest Build 30 | 14 14 17 28 30 Greatest Support 40 | 26 26 26 40 40 Greatest Overweight (x) 1 | . . 1 1 . Average Overweight (x) . | . . . . . Largest Inventory Capacity 10 | 8 8 8 10 10 Average Capacity 8 | 7 8 8 8 10 Most Carried 9 | 7 7 8 9 9 Average Carried 7 | 4 6 6 7 8 Final Capacity 10 | 8 8 8 10 10 Final Carried 9 | 6 7 6 9 8 Class Distribution -------------------- 100% | Mutant Dominant Class ---------------- Mutant | -10/Materials Mutant | -10/Mines Mutant | -10/Exiles Mutant | -9/Mines Resources | -11 -10 -10 -10 -9 ----------- Run | Yrd Mat Min Exi Min Matter Collected 559 | 243 . 134 . 182 Remotely . | . . . . . Salvage Created 522 | . . 522 . . Parts 21 | . . 21 . . Haulers Intercepted . | . . . . . Recyclers Shooed . | . . . . . Parts Field Recycled . | . . . . . Retrieved Matter . | . . . . . Parts Self-Destructed . | . . . . . Prevented . | . . . . . Parts Restored . | . . . . . Kills | -11 -10 -10 -10 -9 ------- Run | Yrd Mat Min Exi Min Combat Hostiles Destroyed 17 | . . 14 . 3 Guns 10 | . . 8 . 2 AOE 6 | . . 5 . 1 Classes Destroyed 4 | . . 4 . . Tunneler 3 | . . 3 . . Swarmer 3 | . . 3 . . Grunt 9 | . . 9 . . Assembled 5 | . . 2 . 3 Best Kill Streak 5 | . . 5 . 3 Combat Bots Only 5 | . . 5 . 3 Max Kills in Single Turn 3 | . . 3 . 1 Gunslinging . | . . . . . Exploded 1 | . . 1 . 1 Melee . | . . . . . Uniques/NPCs Destroyed . | . . . . . Combat | -11 -10 -10 -10 -9 -------- Run | Yrd Mat Min Exi Min Hostile Shots Fired 74 | . . 59 . 15 Missed 19 | . . 15 . 4 Hits 55 | . . 44 . 11 Melee 2 | . . . . 2 Projectile 53 | . . 44 . 9 Critical Strikes 1 | . . 1 . . Part Disruptions 1 | . . 1 . . Damage Taken 818 | . . 656 . 162 Core 251 | . . 222 . 29 Absorbed by Shields . | . . . . . Core Remaining (%) 100 | 100 . . . . Volleys Fired 58 | . . 45 . 13 Largest 2 | . . 2 . 1 Hottest 80 | . . 80 . 60 Shots Fired 103 | . . 89 . 14 Gun 87 | . . 77 . 10 Cannon 1 | . . . . 1 Launcher 15 | . . 12 . 3 Special . | . . . . . Kinetic 17 | . . 7 . 10 Thermal . | . . . . . Explosive 15 | . . 12 . 3 Electromagnetic 71 | . . 70 . 1 Robot Hit Streak 9 | . . 9 . 4 Robot Miss Streak 2 | . . 2 . 2 Penetration Max . | . . . . . Secondary Targets 2 | . . 2 . . Max Gunslinging Chain 1 | . . 1 . . Shots Hit Robots 56 | . . 48 . 8 Core Hits 34 | . . 30 . 4 Critical Kills . | . . . . . Critical Parts Destroyed 1 | . . . . 1 Critical Strikes 2 | . . 1 . 1 Destroy 1 | . . . . 1 Corrupt 1 | . . 1 . . Melee Attacks . | . . . . . Impact . | . . . . . Slashing . | . . . . . Piercing . | . . . . . Sneak Attacks . | . . . . . Combat Hostiles . | . . . . . Follow-up Attacks . | . . . . . Damage Inflicted 1268 | . . 1061 . 207 Guns 671 | . . 570 . 101 Cannons . | . . . . . Explosions 582 | . . 476 . 106 Melee . | . . . . . Ramming 15 | . . 15 . . Kinetic 121 | . . 20 . 101 Thermal 125 | . . 125 . . Explosive 457 | . . 351 . 106 Electromagnetic 550 | . . 550 . . Impact . | . . . . . Slashing . | . . . . . Piercing . | . . . . . Highest Corruption 6 | . . . . 6 Average Corruption 5 | . . . . 5 Corruption Purged . | . . . . . Corruption Blocked . | . . . . . Effects 9 | . . . . 9 Message Errors 2 | . . . . 2 Matter Fused 2 | . . . . 2 Heat Flow Errors 1 | . . . . 1 Data Loss (minor) 2 | . . . . 2 Data Loss (major) 1 | . . . . 1 Misfires 1 | . . . . 1 Overload Shots . | . . . . . Overflow Damage 8 | . . 8 . . Projectiles . | . . . . . Explosions 8 | . . 8 . . Melee . | . . . . . Knockbacks . | . . . . . Impact . | . . . . . Kinetic . | . . . . . Secondary . | . . . . . Self-Inflicted Damage 143 | . . 123 . 20 Shots 6 | . . 4 . 2 Rammed 1 | . . 1 . . Targets Rammed 3 | . . 3 . . Kicked 2 | . . 2 . . Crushed . | . . . . . Highest Temperature 231 | . . 231 . 204 Average Temperature 71 | . . 70 . 78 Received Heat Transfer 271 | . . 271 . . Siege Activations . | . . . . . Martial Activations . | . . . . . Shielding Activations . | . . . . . Robots Disrupted . | . . . . . Combat Hostiles . | . . . . . Robots Corrupted 1 | . . 1 . . Combat Hostiles 1 | . . 1 . . Parts Fried 2 | . . 2 . . Impact Corruptions . | . . . . . Robots Melted . | . . . . . Combat Hostiles . | . . . . . Parts Melted . | . . . . . Heat Transferred 150 | . . 150 . . Parts Sabotaged . | . . . . . Parts Stolen . | . . . . . Parts Stripped . | . . . . . Power Chain Reactions 2 | . . 2 . . Latent Energy Used 64 | . . . . 64 LE Corruption 1 | . . . . 1 Alert | -11 -10 -10 -10 -9 ------- Run | Yrd Mat Min Exi Min Maximum Alert Level . | . . . . . Low Security (%) 100 | 100 100 100 . 100 Level 1 . | . . . . . Level 2 . | . . . . . Level 3 . | . . . . . Level 4 . | . . . . . Level 5 . | . . . . . High Security . | . . . . . Max Security . | . . . . . Peak Influence 158 | . . 158 . 9 Initial . | . . . . . Average 31 | . . 56 . . Influence Increases 401 | . . 385 . 16 Destroy 0b10 Robot/C 240 | . . 240 . . Destroy 0b10 Robot/NC 15 | . . 15 . . Destroy Leader 50 | . . 50 . . Destroy Structure 96 | . . 80 . 16 Influence Decreases 394 | . . 274 111 9 Entered New Map 111 | . . . 111 . Time Decay 244 | . . 244 . . Lost Part 39 | . . 30 . 9 Squads Dispatched . | . . . . . Investigation . | . . . . . Extermination . | . . . . . Reinforcement . | . . . . . Assault . | . . . . . Garrison . | . . . . . Intercept . | . . . . . Searches Triggered . | . . . . . Construction Impeded . | . . . . . Haulers Reinforced . | . . . . . Active Scanning Responses . | . . . . . Cargo Convoy Interrupts . | . . . . . Stealth | -11 -10 -10 -10 -9 --------- Run | Yrd Mat Min Exi Min Distress Signals . | . . . . . Communications Jammed . | . . . . . Distress Signals . | . . . . . Times Spotted 21 | . . 14 . 7 Peak Tracking Total 3 | . . 3 . 3 Tactical Retreats 1 | . . . . 1 Traps | -11 -10 -10 -10 -9 ------- Run | Yrd Mat Min Exi Min Traps Triggered . | . . . . . Indirectly . | . . . . . Trap Hack Attempts . | . . . . . Triggered . | . . . . . Disarmed . | . . . . . Reprogrammed . | . . . . . Reused . | . . . . . Traps Extracted . | . . . . . Installed . | . . . . . Triggered . | . . . . . Machines | -11 -10 -10 -10 -9 ---------- Run | Yrd Mat Min Exi Min Machines Disabled . | . . . . . Max in Single Turn . | . . . . . Machines Repaired . | . . . . . Machines Dismantled . | . . . . . Machines Sabotaged . | . . . . . Overloaded Fab Kills . | . . . . . Hacking | -11 -10 -10 -10 -9 --------- Run | Yrd Mat Min Exi Min Machines Accessed 2 | . . . 2 . Terminals . | . . . . . Fabricators . | . . . . . Repair Stations . | . . . . . Recycling Units . | . . . . . Scanalyzers . | . . . . . Garrison Access . | . . . . . Total Hacks 2 | . . . 2 . Successful 2 | . . . 2 . Failed . | . . . . . Catastrophic . | . . . . . Database Lockouts . | . . . . . Manual 1 | . . . 1 . Terminals . | . . . . . Fabricators . | . . . . . Repair Stations . | . . . . . Recycling Units . | . . . . . Scanalyzers . | . . . . . Garrison Access . | . . . . . Terminal Hacks 2 | . . . 2 . Record 1 | . . . 1 . Proto ID Catalog 1 | . . . 1 . Fabricator Hacks . | . . . . . Repair Station Hacks . | . . . . . Recycling Unit Hacks . | . . . . . Scanalyzer . | . . . . . Garrison Access Hacks . | . . . . . Unauthorized Hacks . | . . . . . Terminals . | . . . . . Fabricators . | . . . . . Repair Stations . | . . . . . Recycling Units . | . . . . . Scanalyzers . | . . . . . Garrison Access . | . . . . . Data Cores Recovered . | . . . . . Used . | . . . . . Hacking Detections . | . . . . . Full Trace Events . | . . . . . Feedback Events . | . . . . . Feedback Blocked . | . . . . . Robot Schematics Acquired . | . . . . . Robots Built . | . . . . . Authchips . | . . . . . Time . | . . . . . Total Robot Build Rating . | . . . . . Part Schematics Acquired . | . . . . . Parts Built . | . . . . . Authchips . | . . . . . Time . | . . . . . Total Part Build Rating . | . . . . . Part Studies Acquired . | . . . . . Parts Repaired . | . . . . . Time . | . . . . . Parts Recycled . | . . . . . Recycled Matter . | . . . . . Retrieved Matter . | . . . . . Retrieved Components . | . . . . . Parts Scanalyzed . | . . . . . Part Schematics Acquired . | . . . . . Parts Damaged . | . . . . . Bothacking | -11 -10 -10 -10 -9 ------------ Run | Yrd Mat Min Exi Min Used RIF Installer . | . . . . . Robots Hacked . | . . . . . Non-combat . | . . . . . Combat . | . . . . . Robot Hacks Applied . | . . . . . Relay Couplers Released . | . . . . . Fabnet Peak Effective % . | . . . . . Robots Rewired . | . . . . . Allies Hacked . | . . . . . Hacks Repelled . | . . . . . Allies | -11 -10 -10 -10 -9 -------- Run | Yrd Mat Min Exi Min Total Allies . | . . . . . Largest Group . | . . . . . Highest-Rated Group . | . . . . . Highest-Rated Ally . | . . . . . Total Orders . | . . . . . Ally Attacks . | . . . . . Total Damage . | . . . . . Kills . | . . . . . Allies Corrupted . | . . . . . Allies Melted . | . . . . . Intel | -11 -10 -10 -10 -9 ------- Run | Yrd Mat Min Exi Min Active Infowar (turns) . | . . . . . Robot Analysis Total . | . . . . . Derelict Logs Recovered 2 | . . 1 . 1 Drone Launches . | . . . . . Drone Recoveries . | . . . . . Exploration | -11 -10 -10 -10 -9 ------------- Run | Yrd Mat Min Exi Min Turns Passed 2108 | 68 52 936 423 629 Spaces Moved 1453 | 58 57 705 273 360 Core 6 | 6 . . . . Treads 411 | . . . 51 360 Legs 362 | . . 140 222 . Wheels 674 | 52 57 565 . . Hover . | . . . . . Flight . | . . . . . Fastest Speed 50 | 50 90 90 120 160 Average Speed 128 | 91 90 108 152 160 Slowest Speed 190 | 100 90 190 190 160 Overloaded Moves . | . . . . . Propulsion Burnouts . | . . . . . Robots Hopped . | . . . . . Potential Cave-ins . | . . . . . Cave-ins Triggered . | . . . . . Exploration Rate (%) 44 | 3 14 92 61 52 Regions Visited 4 Branch Regions 3 Pre-discovered Areas 2 | . . . 1 1 Known Exits Taken 1 | . . . 1 . Unknown Exits Taken 3 | 1 1 1 . . Scrap Searched 1 | . . 1 . . Spaces Dug . | . . . . . Terrain Destroyed 120 | . . 103 . 17 Melee . | . . . . . Projectile . | . . . . . AOE 120 | . . 103 . 17 Terrain Rammed . | . . . . . Walls Destroyed . | . . . . . Machines Disabled . | . . . . . Actions | -11 -10 -10 -10 -9 --------- Run | Yrd Mat Min Exi Min Total 1588 | 70 57 781 279 401 Wait 44 | . . 21 . 23 Move 1449 | 57 56 704 272 360 Hop . | . . . . . Pick Up 13 | 7 1 1 3 1 Fast Attach 7 | 5 . 2 . . Attach 5 | 1 . 2 . 2 Detach . | . . . . . Swap 9 | . . 3 4 2 Drop . | . . . . . Fire 58 | . . 45 . 13 Melee . | . . . . . Ram 1 | . . 1 . . Kick 2 | . . 2 . . Crush . | . . . . . Escape Stasis . | . . . . . Rewire . | . . . . . Trap . | . . . . . Miscellaneous . | . . . . . Route ------- -11/Scrapyard -10/Materials -10/Mines (discovered 3 exits: [*Mat x2] / *Exi) -10/Exiles (discovered 2 exits: *Min x2) -9/Mines History --------- Turn | Location | Event 15 | -11/Scrapyard | Discovered new exit (range 15) 69 | -11/Scrapyard | Entered Materials 74 | -10/Materials | Discovered new exit (range 15) 121 | -10/Materials | Entered Mines 220 | -10/Mines | Discovered new exit (range 9) 262 | -10/Mines | Found a Scrap Suit stashed away for nefarious purposes 318 | -10/Mines | Build established: Mutant 359 | -10/Mines | Joined a pair of Derelicts in attacking an 0b10 outpost 741 | -10/Mines | Core integrity fell below 50% 794 | -10/Mines | Excavation squad dispatched 794 | -10/Mines | A large section of the Mines collapsed 845 | -10/Mines | Core integrity fell below 20% 854 | -10/Mines | Discovered new exit (range 5) 1046 | -10/Mines | Deemed a non-threat by the Exiles lab entrance 1048 | -10/Mines | Discovered new exit (range 5) 1057 | -10/Mines | Entered Exiles 1058 | -10/Exiles | Identified exit to Mines 1086 | -10/Exiles | Met 8R-AWN 1105 | -10/Exiles | Met EX-HEX 1140 | -10/Exiles | Met EX-BIN 1155 | -10/Exiles | Aligned with FarCom system 1156 | -10/Exiles | Given EX-Vault access code 1191 | -10/Exiles | Opened EX-Vault 1205 | -10/Exiles | Found Latent Energy Streamer 1243 | -10/Exiles | Warned to stay clear of 0b10 Research branches 1306 | -10/Exiles | Met EX-DEC 1319 | -10/Exiles | Learned location of Zion (-7) 1480 | -10/Exiles | Left Exiles lab with Latent Energy Streamer 1480 | -10/Exiles | Entered Mines 1547 | -9/Mines | Met a Derelict bent on vengeance 1549 | -9/Mines | Assembled infested the area 2109 | -9/Mines | Destroyed self with Grenade Launcher Last Messages --------------- 01922_ System corrupted: Component data lost. 01943_ Acquired 45 matter. 01956_ Acquired 75 matter. 01963_ U-05 Engineer lays Concrete. 01965_ U-05 Engineer builds a Wall. 01968_ System corrupted: Substantial component data lost. 01970_ U-05 Engineer builds a Wall. 01979_ U-05 Engineer lays Concrete. 02030_ System corrupted: FCS attempts to trigger Assault Rifle. 02030_ System corrupted: Assault Rifle misfires. 02030_ R-06 Scavenger suffers critical hit (Destroy). 02030_ Destroyed Com. Wheel. 02047_ System corrupted: Matter fused (-8). 02083_ TH/N0B9RBNL,QT|CP|NND1&FVTOZ Map ----- +----------------------------------------------------+ | | | | | | | | | | | | | ?????????????????????????????????????????????????? | | ?????????????????????????????????????????????????? | | ?????????????????????????????????????????????????? | | ????????????????????????????????????????????###### | | ????????????????????????????????????????????# | | ????????????????????????????????????????????# | | ????????????????????????????????????????????## | | ?????????????????????????????????????????????# | | ????????????????????????????????????????????## ## | | ????????????????????????????????????????????# ### | | ???????????????????????????????????????????# #?? | | ???????????????????????????????????????????# ##?? | | ???????????????????????????????????????????####??? | | ?????????????????????????????????????????????????? | | ?????????????????????????????????????????????????? | | ?????????????????????????????????????????????????? | | ?????????????????????????????????????????????????? | | ????????????????????##??????????????????????###### | | ????????????# s% # ###############???### | | ?????????????# ss @ #??## | | ???????????????# # ############# #### | | ???????????????????###??????????????# | | ????????????????????????????????????# | | ????????????????????????????????????###### | | ?????????????????????????????????????#### | | ????????????????????????????????????## | | ????????????????????????????????????# | | ????????????????????????????????????# | | ????????????????????????????????????# | | ???????????????????????????????###?## | | ?????????????s????????????????## ## | | ?????????????s????????????????# | | ??????????????????????????????# #### | | ??????????????????????? ?????## ### ##### | | ??????????????????????? ##???## # #?## #???? | | ???????????????????????? ######### #??# #???? | | ????????????????????????# #???# #### #???? | | ?????????????????????????# #### ## #???? | | ?????????????????????????????# # #???? | | ??????????????????????????????# #???? | | ?????????????????????????????## #####???? | | ????????????????????????????## ####???????? | | ???????????????????????????## ##??????????? | | ???????????????????????????# ##???????????? | +----------------------------------------------------+ Best States ------------- Heat Dissipation 25 Energy Generation 10 Energy Capacity 250 Matter Stores 300 Matter Capacity 300 Sight Range 16 Terrain Scan Density 10 Armor Coverage 150 Evasion (%) 55 Recoil Reduction 2 Item Schematics ----------------- None Robot Schematics ------------------ None Fabricated ------------ Nothing Repaired ---------- Nothing Studied --------- None Alien Tech Used ----------------- None Achievements -------------- None Challenges ------------ None Game ------ Seed SchematicGravityJoltstriker Manual? 0 Play Time 00:15:38 Cumulative 44.2 hours Start 2026.07.21 @ 04:10:42 End 2026.07.21 @ 04:23:06 Sessions 1 Manual Loads 0 Difficulty Rogue Special Mode None Game No. 68 Rogue 68 Adventurer 0 Explorer 0 Win Type - Total 1 Types 1/0/0/0/0/0/0/0/0/0 Lore% 30 Gallery% 33 Achievement% 26 Wizard Run 0 Options --------- Layout 1 ASCII 0 Keyboard 0 Movement Numpad Keybinds 0 Fullscreen 1 Font 20/SmallcapsGlow Map View 50x35 Zoom Use 0% Tactical HUD 1 Map Filters NONE Filters NONE Steam 1 RUN: ab97fb4c-a24b-42a1-8004-93d97080eeda